 Dungeon Crawl Stone Soup version 0.17-a0-1411-g06ff558 (webtiles) character file.

53 urechis the Twirler (level 3, -1/21 HPs)
             Began as a Tengu Gladiator on June 23, 2015.
             Slain by a giant gecko (2 damage)
             ... on level 4 of the Dungeon.
             The game lasted 00:02:55 (1876 turns).

urechis the Twirler (Tengu Gladiator)               Turns: 1876, Time: 00:02:56

Health: -1/21      AC:  3    Str: 15    XL:     3   Next: 87%
Magic:  13/13      EV: 17    Int:  8    God:
Gold:   75         SH:  0    Dex: 15    Spells: 0 memorised, 2 levels left

rFire  . . .     SeeInvis .     a - +0 quarterstaff
rCold  . . .     Clarity  .     b - +0 leather armour
rNeg   . . .     SustAt   .     (no shield)
rPois  .         Gourm    .     c - +0 hat
rElec  .         Spirit   .     (no cloak)
rCorr  .         Warding  .     (no gloves)
rMut   .         Stasis   .     (boots unavailable)
MR     .....                    (no amulet)
Stlth  +.........               q - ring of magical power
                                g - +4 ring of evasion

@: not resistant to hostile enchantments, very unstealthy
A: beak, talons 3
a: no special abilities


You were on level 4 of the Dungeon.
You were not hungry.

You visited 1 branch of the dungeon, and saw 3 of its levels.

You collected 75 gold pieces.

Inventory:

Hand weapons
 a - a +0 quarterstaff (weapon)
Missiles
 e - 3 throwing nets (quivered)
 r - 7 poisoned needles
Armour
 b - a +0 leather armour (worn)
 c - a +0 hat (worn)
Jewellery
 g - a +4 ring of evasion (left hand)
 q - a ring of magical power (right hand)
 t - an uncursed ring of see invisible {unknown}
Scrolls
 h - 5 scrolls of identify {unknown}
 i - a scroll of random uselessness {unknown}
 k - a scroll of fog {unknown}
 m - a scroll of blinking {unknown}
 n - a scroll of remove curse {unknown}
 o - a scroll of enchant weapon {unknown}
 s - a scroll of teleportation {unknown}
Potions
 f - a potion of brilliance {unknown}
 j - a potion of magic {unknown}
 l - a potion of might {unknown}
 p - a potion of cure mutation {unknown}
Comestibles
 d - 3 bread rations


   Skills:
 - Level 2.0 Fighting
 + Level 5.1 Staves
 - Level 2.1 Throwing
 - Level 3.2 Dodging


You had 2 spell levels left.
You didn't know any spells.

Dungeon Overview and Level Annotations

Branches:
Dungeon (4/15)
 Temple: D:4-7

Altars:
Cheibriados

Annotations:
D:4 Blork the orc


Innate Abilities, Weirdness & Mutations

You have a beak for a mouth.
You have claws for feet.


Message History

Blork the orc seems to speed up.
The giant gecko misses you.
Blork the orc casts a spell.
You feel troubled. The giant gecko bites you.
* * * LOW HITPOINT WARNING * * *
A kobold comes into view. It is wielding a dagger.
Blork the orc misses you.
The kobold shouts!
The centaur skeleton hits you.
* * * LOW HITPOINT WARNING * * *
Blork the orc completely misses you.
The kobold throws a stone.
The stone hits you but does no damage.
A worm comes into view.
You see here a stone.
The centaur skeleton closely misses you.
The giant gecko hisses menacingly.
Blork the orc barely misses you.
A ball python and a skeleton come into view.
The giant gecko bites you.
You die...

#...........#
##..........# ####
####..........#
##...##.............#
##...................#
.....>...r(..........#
.......o.............#
.....w..Z............#
.......@l............#
.#.....#K...##.......#
.....................#
.###.#.....?....[....#
#.#.....%.........# #
...S............#
.Z..............# #.
.......####..# ...
##..


You could see Blork the orc, a worm, a giant gecko, a ball python (wandering), a
kobold, a rat, a hound skeleton and a centaur skeleton.

Vanquished Creatures
  An adder (D:2)
  A giant gecko (D:1)
  A ball python (D:1)
  7 bats
  2 giant cockroaches (D:1)
  4 goblins (D:1)
  5 hobgoblins (D:1)
  3 jackals (D:1)
  A quokka (D:2)
  5 giant newts (D:1)
  7 kobolds
  5 rats
42 creatures vanquished.

Notes
Turn   | Place    | Note
--------------------------------------------------------------
     0 | D:1      | urechis the Tengu Gladiator began the quest for the Orb.
     0 | D:1      | Reached XP level 1. HP: 12/12 MP: 2/2
    86 | D:1      | Reached XP level 2. HP: 8/17 MP: 3/3
    90 | D:1      | Reached skill level 4 in Staves
   382 | D:1      | You fall through a shaft!
   730 | D:1      | Reached XP level 3. HP: 19/21 MP: 4/4
  1011 | D:1      | Found a snail-covered altar of Cheibriados.
  1421 | D:2      | Reached skill level 5 in Staves
  1849 | D:2      | You fall through a shaft for 2 floors!
  1852 | D:4      | Noticed Blork the orc
  1873 | D:4      | HP: 1/21 [centaur skeleton (4)]
  1876 | D:4      | Slain by a giant gecko

Vault maps used:
D:1:      dpeg_arrival_shrine, grunt_decor_cap, cheibriados_altar_1
D:2:      uniq_robin
D:4:      first_bread, uniq_blork_the_orc

Action                   || total
-------------------------++-------
Melee: Quarterstaff      ||    91
 Stab: Sleeping          ||     1
  Eat: Bread ration      ||     1
